Map: Overgrowth LE (Void)

Players

HauWeniger - Winner!

  • Race: Terran Terran
  • League: Diamond
  • Spawn Location: 1:00

Musumeci

  • Race: Zerg Zerg
  • League: Diamond
  • Spawn Location: 7:00

VOD

Have the link to the VOD?

Description

Time

  • Played on: Jan. 11, 2017, 2:33 p.m.
  • Length: 30:35
Show
View Real Time Build Order
Export as new Build Order

HauWeniger Terran - Winner!

Build Orders:  

Get SALT Encoding   

  12  0:00  SCV  
  13  0:12  SCV  
  14  0:17  Supply Depot  
  14  0:25  SCV  
  15  0:29  Refinery  
  15  0:39  SCV  
  16  0:44  Barracks  
  16  0:51  SCV  
  17  1:03  SCV  
  18  1:16  SCV  
  19  1:23  Barracks  
  19  1:24  Barracks  
  19  1:31  Reaper  
  20  1:34  Supply Depot  
  20  1:44  Refinery  
  20  1:49  SCV  
  21  2:03  Reaper  
  22  2:10  Reaper  
  22  2:15  Reaper  
  24  2:17  Orbital Command  
  24  2:19  Supply Depot  
  24  2:35  Reaper  
  25  2:42  Reaper  
  26  2:47  Reaper  
  26  2:50  SCV  
  28  2:53  Supply Depot  
  28  3:13  Reaper  
  29  3:29  Reaper x2  
  30  3:46  Reaper  
  30  3:53  Supply Depot  
  30  3:54  Command Center  
  30  3:58  Barracks x2  
  30  4:01  Reaper x2  
  32  4:09  SCV  
  33  4:18  Reaper  
  33  4:31  Supply Depot  
  33  4:33  Reaper x2  
  33  4:36  Factory  
  35  4:50  Reaper  
  36  4:57  Reaper  
  36  4:58  Reaper  
  36  4:59  SCV  
  39  5:05  Reaper  
  38  5:11  Reaper  
  37  5:22  Reaper  
  38  5:31  Bunker  
  38  5:32  Command Center  
  35  5:54  Reaper x4  
  35  5:56  SCV  
  40  6:11  Barracks Tech Lab  
  40  6:15  Starport  
  40  6:17  SCV x2  
  37  6:29  SCV  
  37  6:31  Reaper x2  
  40  6:40  Factory Tech Lab  
  58  6:47  Orbital Command  
  40  6:52  SCV  
  41  6:54  Reaper  
  42  7:04  SCV  
  43  7:09  Stimpack, Marine x4  
  47  7:16  SCV  
  48  7:26  Marine  
  47  7:34  Starport Reactor  
  47  7:36  Orbital Command  
  46  7:38  SCV x2  
  46  7:40  Refinery  
  46  7:41  Refinery  
  48  7:46  Barracks Reactor x2  
  48  7:47  Marine x3  
  48  7:48  Supply Depot  
  48  7:50  SCV x2  
  52  8:02  SCV x2  
  52  8:05  Marine  
  54  8:11  Marauder  
  54  8:12  Medivac  
  58  8:13  SCV  
  58  8:14  SCV x2  
  58  8:19  Engineering Bay  
  61  8:21  Marine  
  61  8:22  Marine  
  61  8:25  SCV  
  61  8:26  SCV  
  65  8:32  Marine  
  65  8:35  Marine x4  
  65  8:36  Siege Tank  
  65  8:38  SCV x2  
  73  8:50  Medivac x2  
  77  8:59  Marine x6  
  83  9:19  Orbital Command, Marine x4  
  83  9:20  Marauder  
  89  9:26  Barracks Tech Lab x2  
  89  9:37  Marine x2  
  91  9:41  Marauder  
  91  9:44  Marine x2, Medivac x2  
  91  9:45  SCV x2  
  101  9:50  Supply Depot  
  101  9:51  SCV, Supply Depot  
  102  9:57  SCV  
  102  10:02  Marauder  
  99  10:15  Marine x3  
  99  10:16  Marauder x2, Marine  
  107  10:23  Marine  
  105  10:33  Marine x4  
  97  10:37  Marauder x2  
  97  10:38  SCV x3  
  97  10:40  Barracks  
  104  10:43  Siege Tank  
  107  10:52  Marine  
  107  10:53  Marauder, Marine x2  
  112  10:58  Marauder  
  112  11:01  SCV  
  112  11:02  Marauder, Marine  
  118  11:05  Terran Infantry Weapons Level 1  
  118  11:10  Marine x2  
  120  11:11  Marine  
  120  11:12  Engineering Bay  
  121  11:21  Marauder x2, Marine  
  121  11:23  Marine  
  125  11:35  Marine x2  
  125  11:36  Medivac x2  
  131  11:42  Marauder, Barracks Tech Lab  
  131  11:46  Command Center  
  133  11:47  Refinery, Supply Depot x2  
  133  11:48  Refinery, Supply Depot  
  133  11:59  Terran Infantry Armor Level 1  
  133  12:02  Armory  
  133  12:04  Supply Depot  
  133  12:09  Marauder, SCV x3, Medivac x2, Siege Tank  
  133  12:12  Marauder x2  
  149  12:19  Engineering Bay  
  149  12:21  SCV  
  136  12:31  Marine  
  136  12:32  Marauder x2, Marine x2  
  136  12:34  Marauder, Marine  
  146  12:44  Medivac x2  
  148  13:12  Marine x3  
  132  13:13  Marauder x4, Marine  
  122  13:32  Marine x4  
  123  13:34  Marauder x2  
  123  13:35  Marauder x2  
  125  13:49  Marine  
  125  13:50  Marine x2  
  132  13:55  Marauder x2  
  132  13:58  Marauder x2, Marine  
  132  14:00  Terran Infantry Weapons Level 2  
  137  14:06  Command Center  
  137  14:07  Marine x2  
  137  14:08  Medivac x2  
  142  14:13  Planetary Fortress  
  133  14:29  Marauder x3  
  133  14:40  Marauder  
  130  14:47  Terran Infantry Armor Level 2  
  130  14:50  Marauder  
  132  14:59  SCV x3  
  135  15:00  Starport  
  135  15:02  Starport  
  135  15:03  Starport  
  135  15:04  Marauder, Marine x2  
  135  15:05  Marauder x2, Marine x2  
  145  15:08  Barracks  
  145  15:12  Marauder  
  147  15:22  Marine x4  
  147  15:23  Liberator x2  
  147  15:26  Marauder x3  
  157  15:31  Orbital Command  
  157  15:32  Missile Turret, Marine  
  158  15:40  Marine x4  
  168  15:47  Marauder x2  
  168  15:48  Marauder  
  174  15:50  Marine  
  175  15:58  Marine x4  
  167  16:09  Marauder x2  
  169  16:12  Marauder x2, Marine  
  169  16:16  Marine x2  
  169  16:17  Marine x2  
  178  16:29  Marine  
  178  16:30  Marauder x2  
  178  16:31  Liberator  
  178  16:32  Liberator  
  181  16:33  Marauder x2, Marine  
  178  16:47  Marine  
  178  16:51  Marauder x2  
  189  16:55  Marauder  
  186  17:02  Marauder  
  185  17:20  Marauder x2  
  185  17:21  Marine x2  
  185  17:22  Marauder  
  174  18:03  Marine  
  165  18:10  Marauder, Orbital Command  
  165  18:15  Marauder, Marine x3  
  165  18:17  Marauder, Marine  
  164  18:20  Marine  
  164  18:21  Marauder  
  163  18:31  Marauder  
  163  18:36  Marauder  
  165  18:48  Supply Depot  
  165  18:51  Marauder x2, Marine  
  170  18:57  Missile Turret  
  170  19:21  Terran Infantry Weapons Level 3, Terran Infantry Armor Level 3  
  170  19:24  Starport Reactor  
  170  19:25  Starport Reactor  
  170  19:39  Barracks Tech Lab  
  170  19:40  Marauder x2, Marine x2  
  157  20:02  Marauder x3, Marine x3  
  157  20:03  Marauder x2  
  170  20:16  Marine  
  170  20:20  Marine  
  165  20:24  Marauder x2  
  163  20:33  Marauder x2, Marine x2  
  148  21:21  Marauder x2, Marine x4  
  152  21:48  Marauder x4, Marine x3  
  163  22:02  Marine  
  164  22:09  Marauder  
  164  22:10  Marauder  
  162  22:41  Orbital Command  
  162  22:47  Marauder  
  113  23:09  Marine  
  203  24:02  Orbital Command  
  109  24:17  Marauder x2  
  48  26:21  Orbital Command  
  48  26:59  SCV  
  49  27:19  Marauder x3  
  49  27:21  SCV  
  56  27:32  Concussive Shells  
  36  28:16  Marauder x2, Marine x2  
  36  28:17  Marauder  
  44  28:31  SCV  
  45  28:34  Marine  
  46  28:48  Command Center  
  46  28:57  SCV  
  47  29:14  Marauder, Marine x2  
  51  29:43  Marauder  
  53  29:51  Marine  
  54  29:56  Marine  
  54  30:12  Marauder  
Show
View Real Time Build Order
Export as new Build Order

Musumeci Zerg 

Build Orders: Hatch First 

Get SALT Encoding   

  12  0:01  Drone  
  13  0:10  Drone  
  14  0:17  Drone, Extractor  
  15  0:40  Hatchery  
  14  0:46  Drone, Extractor  
  15  1:00  Spawning Pool  
  14  1:11  Drone, Extractor  
  14  1:12  Drone, Extractor  
  14  1:22  Overlord  
  16  1:40  Drone x2  
  16  1:43  Drone  
  19  1:47  Queen  
  19  1:51  Queen  
  23  1:55  Drone  
  23  1:58  Drone  
  25  2:04  Overlord  
  25  2:07  Drone  
  26  2:13  Drone  
  27  2:20  Extractor  
  27  2:21  Extractor  
  25  2:25  Roach Warren  
  24  2:32  Spore Crawler  
  24  2:34  Queen  
  26  2:46  Overlord  
  25  2:56  Queen  
  27  3:06  Spore Crawler  
  26  3:15  Roach x3  
  30  3:27  Roach x2  
  30  3:50  Roach x3  
  38  4:02  Roach  
  38  4:03  Roach  
  40  4:34  Ravager  
  40  4:38  Drone x3  
  44  4:48  Overlord x2  
  44  4:49  Overlord  
  42  4:57  Ravager  
  42  4:58  Ravager  
  42  5:10  Ravager  
  38  5:24  Roach x2  
  42  5:44  Roach x4  
  46  6:00  Drone x4  
  50  6:04  Extractor  
  49  6:12  Ravager  
  47  6:27  Drone x10  
  57  6:43  Drone x4  
  61  6:51  Hatchery  
  60  6:57  Lair  
  60  7:06  Roach x4  
  68  7:14  Overlord  
  68  7:15  Overlord  
  62  7:40  Ravager x4  
  62  7:43  Roach  
  68  7:49  Hatchery  
  67  8:00  Hatchery  
  67  8:07  Drone  
  67  8:08  Drone x11  
  67  8:11  Extractor  
  78  8:14  Evolution Chamber  
  78  8:16  Glial Reconstitution, Evolution Chamber  
  76  8:22  Overlord  
  76  8:23  Overlord  
  73  9:04  Spore Crawler  
  73  9:05  Spore Crawler  
  73  9:08  Spore Crawler  
  70  9:10  Spore Crawler  
  70  9:12  Spore Crawler  
  70  9:13  Queen  
  70  9:14  Drone  
  70  9:15  Drone x7  
  78  9:18  Overlord x5  
  78  9:29  Drone x2  
  78  9:30  Drone x2  
  82  9:50  Extractor  
  81  9:54  Roach x3, Extractor  
  81  9:55  Roach x3  
  92  10:00  Ravager x3  
  92  10:01  Ravager x3  
  78  10:17  Lair  
  78  10:38  Drone x5  
  83  10:44  Zerg Ground Armor Level 1, Zerg Missile Weapons Level 1  
  83  10:46  Hatchery  
  82  10:51  Roach x2  
  82  10:52  Roach  
  88  11:06  Roach  
  88  11:07  Roach x3  
  88  11:08  Spore Crawler  
  88  11:09  Spore Crawler  
  94  11:20  Spore Crawler  
  94  11:21  Drone  
  86  11:34  Drone  
  88  11:40  Drone x2  
  88  11:41  Drone x3  
  88  11:42  Roach x5  
  102  12:10  Overlord  
  102  12:11  Overlord  
  102  12:13  Roach x7  
  102  12:14  Ravager  
  102  12:15  Ravager x5  
  104  12:34  Queen  
  106  12:43  Zerg Missile Weapons Level 2, Zerg Ground Armor Level 2  
  106  12:46  Drone x8  
  106  12:47  Drone x2  
  106  12:48  Drone  
  106  12:49  Overlord x3  
  110  13:08  Roach x7  
  109  13:13  Roach  
  109  13:14  Roach x3  
  109  13:15  Ravager x6  
  114  13:28  Roach x4  
  113  13:37  Roach x5  
  114  13:50  Roach x6  
  126  14:07  Hatchery  
  125  14:16  Roach  
  125  14:17  Roach x10  
  137  14:24  Ravager  
  137  14:25  Ravager x2  
  137  14:26  Ravager x5  
  137  14:29  Drone x3  
  133  14:50  Roach  
  133  14:51  Roach x2, Overlord x4  
  139  15:05  Infestation Pit  
  138  15:11  Roach x3  
  138  15:12  Roach x4  
  152  15:15  Drone  
  152  15:19  Queen  
  152  15:20  Drone  
  156  15:27  Extractor  
  155  15:28  Extractor  
  155  15:33  Overlord x2  
  155  15:34  Overlord  
  156  15:35  Roach  
  156  15:36  Roach x8  
  170  15:54  Evolution Chamber  
  170  15:55  Evolution Chamber  
  168  16:00  Roach x9  
  168  16:01  Roach x3  
  188  16:15  Lair  
  188  16:24  Hatchery  
  149  17:16  Roach x5  
  136  17:30  Roach x11  
  148  17:41  Ravager  
  148  17:43  Ravager x9  
  148  17:44  Ravager x7  
  163  17:47  Ravager  
  137  18:22  Drone x3  
  137  18:23  Queen, Drone x3  
  132  18:36  Roach  
  132  18:37  Roach x4  
  142  18:49  Queen  
  144  18:56  Drone x3  
  144  18:58  Hatchery  
  146  19:05  Roach x5  
  146  19:07  Ravager x7  
  163  19:16  Extractor  
  162  19:21  Extractor  
  133  20:03  Roach x10  
  133  20:04  Roach x2  
  157  20:19  Hatchery, Extractor  
  145  20:44  Roach Warren  
  131  21:05  Roach x8  
  124  21:36  Hatchery  
  123  21:51  Drone  
  124  21:55  Drone x2  
  124  21:59  Drone x3  
  129  22:02  Drone x2  
  129  22:03  Drone  
  132  22:14  Roach x3  
  130  22:16  Ravager x11  
  130  22:17  Ravager x2  
  102  23:09  Hatchery  
  88  23:22  Hatchery  
  84  23:44  Roach x3  
  90  23:48  Ravager  
  91  24:12  Ravager x3  
  81  25:06  Drone x3  
  84  25:13  Hatchery  
  80  25:40  Extractor  
  76  25:58  Extractor  
Tags
 
Add a new tag
Caveats
  • Supply blocks, unpowered buildings, or Contaminate may cause inaccurate times.
  • Supply counts are checked every 10 seconds.